 Dungeon Crawl Stone Soup version 0.25.0-26-g0c896c7088 (webtiles) character file.

Game seed: 14213733832525552197

2002 Delamore the Fighter (level 9, 0/62 HPs)
             Began as a Gargoyle Fighter on July 3, 2020.
             Was a Priest of Okawaru.
             Killed from afar by an orc wizard (9 damage)
             ... with a puff of flame
             ... on level 6 of the Dungeon.
             The game lasted 00:07:59 (7340 turns).

Delamore the Fighter (Gargoyle Fighter)             Turns: 7340, Time: 00:07:59

Health: 0/62       AC: 14    Str: 23    XL:     9   Next: 22%
Magic:  18/18      EV:  7    Int:  9    God:    Okawaru [***...]
Gold:   360        SH:  9    Dex:  9    Spells: 8/8 levels left

rFire    . . .     SeeInvis .   a - +0 flail
rCold    . . .     Gourm    .   c - +0 kite shield
rNeg     + . .     Faith    .   b - +0 scale mail
rPois    ∞         Spirit   .   k - +0 helmet
rElec    +         Reflect  .   (no cloak)
rCorr    .         Harm     .   (no gloves)
MR       .....                  (no boots)
Stlth    ..........             (no amulet)
HPRegen  0.20/turn              o - ring of magical power (curse)
MPRegen  0.16/turn              (no ring)

@: no status effects
A: negative energy resistance 1, electricity resistance, unbreathing,
petrification resistance, rot immunity, AC +6
a: Heroism, Renounce Religion


You were on level 6 of the Dungeon.
You worshipped Okawaru.
Okawaru was most pleased with you.
You were hungry.

You visited 1 branch of the dungeon, and saw 6 of its levels.
You also visited: Sewer.

You collected 360 gold pieces.

Inventory:

Hand Weapons
 a - a +0 flail (weapon)
Missiles
 t - 2 throwing nets (quivered)
 A - 7 poisoned darts
Armour
 b - a +0 scale mail (worn)
 c - a +0 kite shield (worn)
 k - a +0 helmet (worn)
Jewellery
 o - a cursed ring of magical power (left hand)
 x - an uncursed ring of wizardry {unknown}
Wands
 m - a wand of paralysis (14)
Scrolls
 h - 4 scrolls of remove curse
 j - 2 scrolls of teleportation
 n - a scroll of enchant armour
 p - 3 scrolls of fear
 r - 2 scrolls of enchant weapon
 u - 3 scrolls of fog {unknown}
 v - a scroll of blinking {unknown}
 w - a scroll of magic mapping
 y - 3 scrolls of identify
 z - a scroll of brand weapon {unknown}
Potions
 d - 2 potions of might
 e - 2 potions of degeneration {unknown}
 i - 2 potions of ambrosia
 l - 2 potions of brilliance
 q - 3 potions of haste {unknown}
Comestibles
 f - 8 rations


   Skills:
 + Level 9.7 Fighting
 + Level 8.6 Maces & Flails
 - Level 3.2 Armour
 - Level 3.2 Shields


You had 8 spell levels left.
You didn't know any spells.
Your spell library was empty.

Dungeon Overview and Level Annotations

Branches:
Dungeon (6/15)             Temple (0/1) D:5           Sewer (visited)

Altars:
Cheibriados
Gozag
Kikubaaqudgha
Makhleb
Okawaru

Shops:
D:4 %


Innate Abilities, Weirdness & Mutations

You are resistant to torment.
Your stone body is resilient. (AC +6)
You are immune to poison.
You resist negative energy. (rN+)
You are resistant to electric shocks. (rElec)
You can survive without breathing.
You are immune to petrification.
You are immune to rotting.


Message History

You block the orc wizard's attack. The wight hits you but does no damage.
The orc hits you but does no damage.
You hit the orc wizard but do no damage.
The orc wizard is almost dead.
You block the orc wizard's attack.
The wight hits you from afar with a +4 halberd.
* * * LOW HITPOINT WARNING * * *
You block the orc's attack.
The orc wizard gestures wildly while chanting.
The orc wizard seems to speed up.
The orc wizard mumbles some strange words.
The orc wizard flickers and vanishes!
Deactivating autopickup; reactivate with Ctrl-A.
There is a stone staircase leading up here.
The wight hits you from afar with a +4 halberd.
* * * LOW HITPOINT WARNING * * *
You hear some strange, mumbled words.
A puff of flame appears from out of thin air!
The puff of flame hits you!
You die...

...#...##....#........#
...#...##....#........#
...#....#....#........#
...#....#....#........########
...#....#....'...............#
...#'####.####..o............#
####.######....z.#####.......#
......#...#.....{# #.......#
......#...'.....@# #.......#
......#...#......# #########
#'#####..<#......#
......###'#......#
.................#
.................#
...........#######
)<.........# #'####.....#


You could see a wight and an orc.

Vanquished Creatures
  Sigmund (D:5)
  An orc warrior (D:5)
  2 black bears (D:6)
  A phantom (D:5)
  An ogre (D:6)
  2 centaurs (D:5)
  3 bullfrogs
  2 wights
  5 crimson imps
  A bullfrog zombie (D:6)
  2 hounds
  A jelly (D:5)
  5 orc priests
  6 orc wizards
  A worker ant (D:6)
  6 adders
  10 gnolls
  An ooze (D:1)
  An adder zombie (D:5)
  4 worms
  A dart slug (D:3)
  7 leopard geckos
  28 orcs
  6 bats
  7 giant cockroaches
  3 goblins
  8 hobgoblins
  18 jackals
  6 quokkas
  5 ball pythons
  9 frilled lizards
  8 kobolds
  A leopard gecko skeleton (D:5)
  A leopard gecko zombie (D:6)
  5 rats
169 creatures vanquished.

Notes
Turn   | Place    | Note
-------+----------+-------------------------------------------
     0 | D:1      | Delamore the Gargoyle Fighter began the quest for the Orb.
     0 | D:1      | Reached XP level 1. HP: 14/14 MP: 1/1
   374 | D:1      | Reached XP level 2. HP: 20/20 MP: 2/2
   659 | D:1      | Reached XP level 3. HP: 24/24 MP: 3/3
   811 | D:2      | Reached skill level 4 in Fighting
  1106 | D:2      | Found an iron altar of Okawaru.
  1113 | D:2      | Became a worshipper of Warmaster Okawaru
  1222 | D:2      | You fall into a shaft and drop 1 floor!
  1222 | D:3      | Found a snail-covered altar of Cheibriados.
  1222 | D:3      | Found an ancient bone altar of Kikubaaqudgha.
  1259 | D:3      | Reached XP level 4. HP: 18/30 MP: 4/4
  1819 | D:3      | Reached XP level 5. HP: 34/34 MP: 5/5
  1857 | D:3      | Found an opulent altar of Gozag.
  1983 | D:3      | Reached skill level 5 in Fighting
  2565 | D:3      | Reached * piety under Okawaru
  2574 | D:3      | Reached XP level 6. HP: 35/40 MP: 6/6
  2714 | D:4      | Reached skill level 6 in Fighting
  2767 | D:4      | Found Anunin's Food Emporium.
  2782 | D:4      | Reached skill level 5 in Maces & Flails
  2817 | D:4      | Found a glowing drain.
  2864 | Sewer    | Entered a sewer
  3347 | D:4      | Reached XP level 7. HP: 44/47 MP: 7/7
  3784 | D:5      | Entered Level 5 of the Dungeon
  3985 | D:5      | Reached ** piety under Okawaru
  4041 | D:5      | Noticed Sigmund
  4052 | D:5      | Killed Sigmund
  4052 | D:5      | Reached skill level 7 in Fighting
  4220 | D:5      | Reached XP level 8. HP: 38/53 MP: 8/8
  4690 | D:5      | HP: 1/54 [orc warrior/+0 glaive (12)]
  5002 | D:5      | Reached skill level 8 in Fighting
  5191 | D:5      | Found a burning altar of Makhleb.
  5269 | D:5      | Found a staircase to the Ecumenical Temple.
  6440 | D:6      | Reached skill level 9 in Fighting
  6447 | D:6      | Reached *** piety under Okawaru
  6620 | D:6      | Reached XP level 9. HP: 56/60 MP: 9/9
  7340 | D:6      | Killed from afar by an orc wizard

Illustrated notes

Levels and vault maps discovered:
D:1:      psy_arrival_whirlpool, layout_basic, nrook_mini_vaults,
          hangedman_decor_points
D:2:      layout_basic, old_standard_altar, first_ration
D:3:      layout_loops_ring, grunt_temple_overflow_open, lemuel_crystal_altar
D:4:      layout_loops_ring, gup_sewer_entry_glass, serial_shops,
          nicolae_shop_trees
D:5:      layout_basic, minmay_temple_entry_trees, makhleb_heckhound_becter,
          uniq_sigmund
D:6:      layout_gridville

Skill      XL: |  1  2  3  4  5  6  7  8 |
---------------+-------------------------+-----
Fighting       | 4 5 6 7 9 |  9.7
Maces & Flails | 3 4 5 6 8 |  8.6
Armour         | |  3.2
Shields        | |  3.2

Action                   |  1- 3 |  4- 6 |  7- 9 || total
-------------------------+-------+-------+-------++-------
Melee: Flail             |   102 |   306 |   354 ||   762
Evoke: Wand              |       |       |     4 ||     4
  Use: Potion            |     1 |     5 |     1 ||     7
       Scroll            |       |     6 |       ||     6
  Eat: Chunk             |     1 |     8 |     9 ||    18
       Ration            |       |       |     1 ||     1
Armor: Scale mail        |    79 |   236 |   259 ||   574
Dodge: Dodged            |    58 |   116 |   172 ||   346
Block: Kite shield       |    67 |   187 |   218 ||   472
